 Dungeon Crawl Stone Soup version 0.31-a0-806-g0bc164a743 (webtiles) character file.

Game seed: 943286505825311657

796 Ethylacetat the Sneak (level 7, -4/49 HPs)
             Began as an Octopode Gladiator on Sept 21, 2023.
             Was an Initiate of Gozag.
             Slain by a gnoll
             ... wielding a +4 halberd
              (15 damage)
             ... on level 5 of the Dungeon.
             The game lasted 00:06:57 (4950 turns).

Ethylacetat the Sneak (Octopode Gladiator)          Turns: 4950, Time: 00:06:57

Health: -4/49      AC:  1    Str: 19      XL:     7   Next: 89%
Magic:  7/7        EV: 16    Int:  8 (10) God:    Gozag
Gold:   375        SH:  0    Dex: 20      Spells: 6/6 levels left

rFire   + + +        n - +7 dagger of Benevolence {venom, rF+++ Dex+4}
rCold   . . .        (no shield)
rNeg    . . .        a - +0 hat
rPois   +            (no amulet)
rElec   .            p - +6 ring of strength
rCorr   .            j - ring of poison resistance
SInv    .            (no ring)
Will    .....        (no ring)
Stlth   ++++         (no ring)
HPRegen 0.28/turn    (no ring)
MPRegen 0.10/turn    (no ring)
                     (no ring)

%: no passive effects
@: gold aura
A: almost no armour, amphibious, 8 rings, camouflage 1, gelatinous body 1,
(nimble swimmer 1), tentacles
a: Renounce Religion, Potion Petition, Call Merchant, Bribe Branch


You were on level 5 of the Dungeon.
You worshipped Gozag.
Gozag was aware of your devotion.
You visited 2 branches of the dungeon, and saw 6 of its levels.

You collected 518 gold pieces.
You spent 60 gold pieces at shops.
You paid 83 gold pieces to Gozag.

Inventory:

Hand Weapons
 n - the +7 dagger of Benevolence (weapon) {venom, rF+++ Dex+4}
   (You found it on level 4 of the Dungeon)

   Dex+4:     It affects your dexterity (+4).
   rF+++:     It renders you almost immune to fire.
Missiles
 b - 3 throwing nets (quivered)
Armour
 a - a +0 hat (worn)
Jewellery
 j - a ring of poison resistance (right tentacle)
 p - a +6 ring of strength (left tentacle)
 r - an amulet of the acrobat
Scrolls
 d - a scroll of immolation {unknown}
 f - 2 scrolls of vulnerability {unknown}
 g - a scroll of acquirement {unknown}
 h - 3 scrolls of identify {unknown}
 i - a scroll of torment {unknown}
 k - 2 scrolls of teleportation {unknown}
 m - a scroll of revelation {unknown}
 o - a scroll of blinking {unknown}
 q - a scroll of noise {unknown}
 s - a scroll of enchant weapon {unknown}
Potions
 e - a potion of curing
 l - a potion of attraction


   Skills:
 + Level 4.6 Fighting
 - Level 2.0 Throwing
 + Level 5.1 Dodging
 + Level 5.9 Stealth
 + Level 5.2 Unarmed Combat


You had 6 spell levels left.
You didn't know any spells.
Your spell library contained the following spells:

 Spells                   Type           Power      Damage    Failure   Level
 Blink                    Tloc           0%         N/A       54%         2
 Lesser Beckoning         Tloc           0%         N/A       54%         2
 Momentum Strike          Conj/Tloc      0%         3d8       54%         2
 Tukima's Dance           Hex            0%         N/A       78%         3
 Dimensional Bullseye     Hex/Tloc       0%         N/A       99%         4
 Iskenderun's Mystic Bla  Conj/Tloc      0%         2d3       99%         4


Dungeon Overview and Level Annotations

Branches:
Dungeon (5/15)             Temple (1/1) D:4

Altars:
Ashenzari
Cheibriados
Fedhas
Gozag
Hepliaklqana
Kikubaaqudgha
Makhleb
Nemelex Xobeh
Okawaru
Qazlal
Ru
Sif Muna
Trog
Vehumet
Xom
Yredelemnul
Zin
The Shining One

Shops:
D:1 !   D:2 =


Innate Abilities, Weirdness & Mutations

You cannot wear most types of armour.
You are amphibious.
You can wear up to eight rings at the same time.
Your skin changes colour to match your surroundings (Stealth+).
Your rubbery body absorbs attacks. (AC +1, EV +1)
((You are camouflaged when in or above water. (Stealth+)))
You have tentacles for arms and can constrict up to eight enemies at once.


Message History

You constrict the gnoll, but do no damage.
The gnoll is distracted by your dazzling golden aura.
The gnoll hits you from afar with a +4 halberd!
The gnoll hits you with a +0 flail of protection.
The gnoll shouts!
You release your grip on the gnoll.
The gnoll attacks as it pursues you! The gnoll misses you.
You completely miss the gnoll. You grab the gnoll.
You squeeze the gnoll, but do no damage.
The gnoll is almost dead.
You constrict the gnoll, but do no damage.
You kill the gnoll!
The gnoll throws a throwing net.
The throwing net barely misses you.
You feel your intelligence returning.
The gnoll is no longer distracted by gold.
You aren't carrying any items that you can evoke.
Unknown command.
Throw: 3 throwing nets
Press: ? - help, Q - select action, (/) - cycle Shift-Dir - straight line, f - gnoll
Aim: a gnoll, wielding a +0 spear (66% to hit)
Okay, then.
Throw: javelin
Press: ? - help, Q - select action, (/) - cycle Shift-Dir - straight line, f - gnoll
Aim: a gnoll, wielding a +0 spear (66% to hit)
You throw a javelin. The javelin pierces through the gnoll.
The gnoll is moderately wounded.
The javelin pierces through the gnoll.
The gnoll is moderately wounded.
The gnoll completely misses you. The gnoll closely misses you.
The gnoll barely misses you.
The gnoll hits you from afar with a +4 halberd!!
* * * LOW HITPOINT WARNING * * *
Things that are here:
8 gold pieces; a +0 flail of protection You hit the gnoll.
The gnoll is poisoned.
You grab the gnoll. You squeeze the gnoll.
You kill the gnoll!
The gnoll hits you from afar with a +4 halberd!
You die...
Your body crumbles into a pile of gold.

#.......#.#..#..#......#.
##............##.......#.
#............##.........
#.....####..#..#......##
#..#.#######[...#.....##
#.#####!.........#.#..#.
#..#. ###############.#.
#.....####.........#..#.
#(...g$@(.............#.
##########.....####.###.
#####..........
##########. #. #. #. #.
##


You could see a gnoll.

Vanquished Creatures
  An ice beast (D:5)
  3 scorpions
  An orc priest (D:5)
  6 hounds
  An iguana (D:5)
  3 orc wizards
  3 gnolls (D:5)
  8 adders
  2 worms
  A dart slug (D:2)
  12 orcs
  5 bats
  8 endoplasms
  6 giant cockroaches
  12 goblins
  8 hobgoblins
  4 jackals (D:4)
  9 kobolds
  3 quokkas
  8 ball pythons
  2 frilled lizards (D:1)
  4 rats
110 creatures vanquished.

Notes
Turn   | Place    | Note
-------+----------+-------------------------------------------
     0 | D:1      | Ethylacetat the Octopode Gladiator began the quest for the
                  | Orb.
     0 | D:1      | Reached XP level 1. HP: 14/14 MP: 1/1
    71 | D:1      | Reached skill level 1 in Stealth
    71 | D:1      | Reached XP level 2. HP: 19/19 MP: 2/2
   444 | D:1      | Reached XP level 3. HP: 25/25 MP: 3/3
   491 | D:1      | Found Jeos's Distillery.
   917 | D:2      | Found Savoer's Jewellery Shoppe.
  1111 | D:2      | Reached XP level 4. HP: 29/30 MP: 4/4
  2800 | D:4      | Identified the +7 dagger of Benevolence {venom, rF+++
                  | Dex+4}
  2810 | D:4      | Identified the +4 whip of Veanouj {antimagic, rElec rC+}
  2873 | D:4      | Found a shimmering blue altar of Sif Muna.
  2882 | D:4      | Reached XP level 5. HP: 26/36 MP: 5/5
  2961 | D:4      | Reached XP level 6. HP: 22/42 MP: 6/6
  3101 | D:4      | Found a snail-covered altar of Cheibriados.
  3292 | D:4      | Found a staircase to the Ecumenical Temple.
  3316 | Temple   | Entered the Ecumenical Temple
  3349 | D:4      | Identified the +2 pair of gloves "Tidd" {MP+9 Int+5}
  3668 | D:4      | Found an opulent altar of Gozag.
  3752 | D:1      | Bought a potion of enlightenment for 60 gold pieces
  3937 | D:4      | Became a worshipper of Gozag Ym Sagoz the Greedy
  3940 | D:5      | Entered Level 5 of the Dungeon
  4059 | D:5      | Noticed an ice beast
  4130 | D:5      | Killed an ice beast
  4131 | D:5      | Reached skill level 5 in Stealth
  4131 | D:5      | Reached XP level 7. HP: 15/48 MP: 7/7
  4405 | D:5      | Reached skill level 5 in Unarmed Combat
  4612 | D:5      | Reached skill level 5 in Dodging
  4950 | D:5      | Slain by a gnoll

Illustrated notes

Levels and vault maps discovered:
D:1:      dreamdust_arrival_beginning_and_end, layout_basic, serial_shops, shop,
          minmay_cut_off
D:2:      wad_lake_hut, layout_basic, serial_shops,
          nicolae_shop_advertising_works [nicolae_subvault_shop_adworks]
D:3:      layout_basic, serial_co_window_serial, co_window_paths_a,
          co_window_corner_a, co_window_cross_1, co_window_corner_a,
          co_window_corner_a, co_window_broadway_c, co_window_corner_b,
          co_window_broadway_a, co_window_paths_c, co_window_corner_cb,
          co_window_4corner_b, glass_columns_b, glass_columns_c,
          glass_columns_a, minmay_misc_feat_alley
D:4:      layout_gridville, mainiacjoe_overflow_catwalk, general_overflow_altar,
          mainiacjoe_overflow_24_doors, minmay_temple_entry_offerings
D:5:      layout_basic, serial_bayou_pond_d, nicolae_half_adder
Temple:   bh_familiar_temple

Skill      XL: |  1  2  3  4  5  6  7 |
---------------+----------------------+-----
Stealth        | 1 2 3 5 |  5.9
Fighting       | 3 4 |  4.6
Dodging        | 4 5 |  5.1
Unarmed Combat | 4 5 |  5.2
Throwing       | |  2.0

Action                     |  1- 3 |  4- 6 |  7- 9 || total
---------------------------+-------+-------+-------++-------
  Melee: Unarmed           |    89 |    41 |       ||   130
         Constrict         |    18 |    31 |     7 ||    56
         Tentacles         |    10 |    15 |     6 ||    31
         Punch             |     2 |     6 |       ||     8
         Dagger            |       |    71 |    17 ||    88
  Throw: Throwing net      |       |     3 |       ||     3
         Javelin           |       |       |     1 ||     1
    Use: Potion            |       |     4 |       ||     4
   Stab: Sleeping          |    14 |    21 |     5 ||    40
         Held in net/web   |       |     1 |       ||     1
 Armour: Skin              |    23 |    43 |     6 ||    72
  Dodge: Dodged            |    50 |    82 |    11 ||   143

Table legend: (Time is in decaauts)
 A = Elapsed time spent in this place.
 B = Non-inter-level travel time spent in this place.
 C = Inter-level travel time spent in this place.
 D = Time resting spent in this place.
 E = Time spent auto-exploring this place.
 F = Levels seen in this place.
 G = Mean time per level.
                   A        B        C        D        E       F      G
               +--------+--------+--------+--------+--------+-----+--------+
         Total |   4944 |   4618 |    326 |    111 |   3768 |   6 |  824.0 |
       Dungeon |   4942 |   4616 |    326 |    111 |   3768 |   5 |  988.4 |
        Temple |      1 |      1 |      0 |      0 |      0 |   1 |    1.0 |
               +--------+--------+--------+--------+--------+-----+--------+

Top non-repeatable levels by time:
     D:3: 1112 daAuts
     D:5: 1009 daAuts
     D:4: 1002 daAuts
     D:2: 945 daAuts
     D:1: 871 daAuts
  Temple: 1 daAuts
